 Dungeon Crawl Stone Soup version 0.30-a0-879-ga8ba668304 (webtiles) character file.

Game seed: 6573297701665585375

137 cforsyth the Covered (level 5, -6/44 HPs)
             Began as a Barachi Fighter on Mar 12, 2023.
             Killed by nerve-wracking pain
             ... invoked by an orc priest
              (12 damage)
             ... on level 3 of the Dungeon.
             The game lasted 00:01:49 (2123 turns).

cforsyth the Covered (Barachi Fighter)              Turns: 2123, Time: 00:01:50

Health: -6/44      AC:  8    Str: 19    XL:     5   Next: 20%
Magic:  5/5        EV:  9    Int:  8    God:
Gold:   173        SH:  4    Dex: 12    Spells: 4/4 levels left

rFire   . . .      SeeInvis .    a - +0 war axe
rCold   . . .      Faith    .    c - +0 buckler
rNeg    . . .      Spirit   .    b - +0 scale mail
rPois   .          Reflect  .    (no helmet)
rElec   .          Rampage  .    k - +0 cloak
rCorr   .                        (no gloves)
Will    .....                    (no boots) Stlth
                                 h - amulet of regeneration
HPRegen 1.07/turn                (no ring)
MPRegen 0.09/turn                (no ring)

@: slow
A: amphibious, slowness 1, strong legs 1, +LOS
a: Hop


You were on level 3 of the Dungeon.
You visited 1 branch of the dungeon, and saw 3 of its levels.

You collected 173 gold pieces.

Inventory:

Hand Weapons
 a - a +0 war axe (weapon)
Armour
 b - a +0 scale mail (worn)
 c - a +0 buckler (worn)
 k - a +0 cloak (worn)
Jewellery
 h - an amulet of regeneration (around neck)
Wands
 t - a wand of digging (5)
Scrolls
 f - a scroll of acquirement {unknown}
 g - a scroll of enchant weapon {unknown}
 j - a scroll of fog {unknown}
 l - 2 scrolls of summoning {unknown}
 m - a scroll of identify {unknown}
 o - 3 scrolls of fear {unknown}
 p - a scroll of silence {unknown}
 q - a scroll of teleportation {unknown}
 s - a scroll of poison {unknown}
Potions
 d - a potion of might
 e - a potion of brilliance {unknown}
 i - a potion of resistance {unknown}
 n - a potion of curing {unknown}
 r - a potion of mutation {unknown}
 u - a potion of magic {unknown}


   Skills:
 + Level 5.0 Fighting
 + Level 3.6 Axes
 + Level 5.0 Armour
 - Level 3.2 Shields


You had 4 spell levels left.
You didn't know any spells.
Your spell library contained the following spells:

 Spells                   Type           Power      Damage    Failure   Level
 Blink                    Tloc           0%         N/A       94%         2
 Lesser Beckoning         Tloc           0%         N/A       94%         2
 Momentum Strike          Conj/Tloc      0%         3d8       94%         2
 Kindle Blastsparks       Fire/Tloc/Air  0%         2d10      99%         3
 Fulminant Prism          Conj/Hex       0%         3d5       100%        4
 Iskenderun's Mystic Bla  Conj/Tloc      0%         2d3       100%        4
 Lee's Rapid Deconstruct  Erth           0%         3d4*      100%        5


Dungeon Overview and Level Annotations

Branches:
Dungeon (3/15)

Altars:
Ru

Shops:
D:2 *


Innate Abilities, Weirdness & Mutations

You are amphibious.
You cover ground slowly.
You can hop short distances.
You have an extended range of vision and can be seen from far away.


Message History

You hit the orc priest.
The orc priest is lightly wounded.
You hit the orc but do no damage. You slash the orc!
You kill the orc!
You closely miss the hobgoblin. You barely miss the orc priest.
You block the orc's attack. The hobgoblin hits you.
The orc priest completely misses you.
Your Armour skill increases to level 5!
You slash the orc priest!
The orc priest is severely wounded.
You closely miss the orc priest. You hit the hobgoblin.
You barely miss the orc. The hobgoblin hits you.
The orc hits you with a +0 club.
The orc priest hits you with a +1 hand axe of electrocution.
* * * LOW HITPOINT WARNING * * *
The orc priest hits you but does no damage.
You block the hobgoblin's attack. The orc priest barely misses you.
The orc hits you but does no damage. You block the orc's attack.
The orc priest hits you but does no damage.
You hit the orc priest but do no damage.
The orc priest is severely wounded.
You hit the hobgoblin.
You kill the hobgoblin!
You hit the orc. You slash the orc!
You kill the orc!
You hit the orc priest.
The orc priest hits you but does no damage.
The orc hits you but does no damage.
The orc priest mumbles some strange prayers to Beogh against you.
Pain shoots through your body!
* * * LOW HITPOINT WARNING * * *
Your Fighting skill increases to level 5!
You hit the orc priest.
The orc priest is almost dead.
You slash the orc priest!
You kill the orc priest!
You hit the orc but do no damage.
The orc priest calls down the wrath of Beogh upon you.
Pain shoots through your body!
You die...

#.# #.# #.# #.##########
#........... #...........
#........... ##
#..)o.......
.#############..@†.......
.#..............)o.......
.#.######################
.#.# .#.#### .#....###
.#.##...## .........##
#######...#


You could see an orc priest and an orc.

Vanquished Creatures
  An orc priest (D:3)
  Ijyb (D:3)
  Natasha (D:3)
  4 adders
  A dart slug (D:3)
  2 orcs (D:3)
  6 bats
  2 endoplasms
  2 giant cockroaches (D:2)
  3 goblins
  9 hobgoblins
  7 jackals (D:1)
  A quokka (D:1)
  4 ball pythons (D:1)
  2 kobolds
  2 rats
48 creatures vanquished.

Notes
Turn   | Place    | Note
-------+----------+-------------------------------------------
     0 | D:1      | cforsyth the Barachi Fighter began the quest for the Orb.
     0 | D:1      | Reached XP level 1. HP: 18/18 MP: 1/1
   174 | D:1      | Reached XP level 2. HP: 25/25 MP: 2/2
   702 | D:1      | Reached XP level 3. HP: 30/30 MP: 3/3
  1238 | D:2      | Found Nooroet's General Store.
  1344 | D:2      | Found a faded altar of an unknown god.
  1631 | D:2      | Reached XP level 4. HP: 38/38 MP: 4/4
  1885 | D:3      | Noticed Natasha
  1890 | D:3      | Killed Natasha
  1998 | D:3      | Noticed Ijyb
  2007 | D:3      | Killed Ijyb
  2008 | D:3      | Reached XP level 5. HP: 43/43 MP: 5/5
  2059 | D:3      | Found a sacrificial altar of Ru.
  2121 | D:3      | Reached skill level 5 in Armour
  2123 | D:3      | Reached skill level 5 in Fighting
  2123 | D:3      | Killed from afar by an orc priest

Illustrated notes

Levels and vault maps discovered:
D:1:      dpeg_arrival_renting, layout_basic
D:2:      minmay_skewed_foursquare, layout_loops_ring,
          shapermc_ecumenical_altar_ellora, serial_shops, shop_fountains
D:3:      layout_basic, nicolae_ru_awakened_eye,
          nicolae_sif_muna_little_library, minmay_circle_x, uniq_ijyb,
          uniq_natasha

Skill      XL: |  1  2  3  4  5 |
---------------+----------------+-----
Fighting       | 4 5 |  5.0
Armour         | 4 5 |  5.0
Axes           | 3 |  3.6
Shields        | |  3.2

Action                     |  1- 3 |  4- 6 || total
---------------------------+-------+-------++-------
  Melee: War axe           |    75 |    40 ||   115
 Armour: Scale mail        |    59 |    31 ||    90
  Dodge: Dodged            |    60 |    20 ||    80
  Block: Buckler           |    22 |    12 ||    34

Table legend: (Time is in decaauts)
 A = Elapsed time spent in this place.
 B = Non-inter-level travel time spent in this place.
 C = Inter-level travel time spent in this place.
 D = Time resting spent in this place.
 E = Time spent auto-exploring this place.
 F = Levels seen in this place.
 G = Mean time per level.
                   A        B        C        D        E       F      G
               +--------+--------+--------+--------+--------+-----+--------+
         Total |   2549 |   2466 |     83 |      0 |   2125 |   3 |  849.7 |
       Dungeon |   2549 |   2466 |     83 |      0 |   2125 |   3 |  849.7 |
               +--------+--------+--------+--------+--------+-----+--------+

Top non-repeatable levels by time:
     D:1: 1241 daAuts
     D:2: 1012 daAuts
     D:3: 295 daAuts
